AoeStats
← |GaoeG| flamingo

Arena

508962750Analyzed
4v4 RM · 7d ago on Sep 24, 2026· 39m 24s· 8 players
Game mode
Random Map
Map size
Large (8 player)
Population
200
Speed
Normal
Resources
Standard
Victory
Conquest
Starting age
Dark Age
Ending age
Imperial Age
RankedLock teamsTeams togetherTeam positionsShared explorationLock speedFull tech treeHidden civsTurbo modeCheats
Victory
Defeat
🇨🇳 Danes · China
1153
+16
🇧🇪 Lithuanians · Belgium
1118
+17
🇹🇷 Poles · Türkiye
1116
+17
🇪🇸 Turks · Spain
1082
+19
🇪🇸 Sicilians · Spain
1393
-26
🇪🇸 Spanish · Spain
1279
-22
🇪🇸 Dravidians · Spain
1125
-16
🇪🇸 Turks · Spain
777
-5
zeyrek
5:25 Loom
12:58 Feudal Age
13:37 Double-Bit Axe
13:34 Horse Collar
16:46 Castle Age
17:58 Bow Saw
18:06 Bow Saw
19:54 Wheelbarrow
20:29 Town Watch
21:54 Gold Mining
22:38 Hand Cart
24:49 Heavy Plow
25:02 Stone Mining
25:33 Bloodlines
25:52 Husbandry
28:54 Imperial Age
27:04 Scale Barding Armor
27:10 Forging
27:32 Szlachta Privileges
27:43 Bloodlines
29:48 Chain Barding Armor
29:56 Conscription
28:58 Cavalier
30:39 Iron Casting
36:27 Blast Furnace
35:50 Lechitic Legacy
35:21 Light Cavalry
37:46 Winged Hussar
Zayo Marley
10:20 Feudal Age
11:58 Double-Bit Axe
16:38 Castle Age
18:40 Forging
21:47 Wheelbarrow
22:00 Fervor
23:09 Husbandry
24:56 Bloodlines
24:36 Horse Collar
26:15 Gold Mining
27:18 Scale Barding Armor
28:35 Iron Casting
29:55 Chain Barding Armor
31:30 Hand Cart
32:13 Heavy Plow
36:22 Imperial Age
36:27 Cavalier
37:44 Plate Barding Armor
38:24 Town Watch
38:25 Loom
El Gandalf
11:45 Feudal Age
13:41 Double-Bit Axe
16:33 Castle Age
15:06 Horse Collar
20:57 Imperial Age
18:52 Bow Saw
19:39 Heavy Plow
22:47 Wheelbarrow
26:21 Padded Archer Armor
27:24 Loom
33:35 Town Watch
36:02 Hand Cart
37:01 Scale Barding Armor
37:46 Husbandry
37:56 Bloodlines
38:09 Heavy Camel Rider
Akatsukireiha
0:27 Loom
12:17 Feudal Age
13:07 Town Watch
13:58 Wheelbarrow
17:39 Castle Age
15:48 Double-Bit Axe
15:55 Horse Collar
17:20 Forging
17:09 Gold Mining
18:22 Arson
18:37 Squires
21:49 Scale Barding Armor
21:47 Scale Mail Armor
32:12 Iron Casting
31:53 Chain Mail Armor
37:46 Imperial Age
35:48 Hand Cart
35:34 Town Patrol
36:23 Town Patrol
38:21 Pikeman
39:14 Elite Varangian Guard
claran33
11:47 Feudal Age
16:05 Castle Age
16:28 Double-Bit Axe
17:25 Wheelbarrow
16:49 Horse Collar
17:49 Gold Mining
18:47 Stone Mining
20:11 Bow Saw
21:28 Hand Cart
21:23 Heavy Plow
ErafaE
11:10 Feudal Age
15:05 Castle Age
13:11 Double-Bit Axe
16:41 Wheelbarrow
16:18 Bow Saw
21:10 Hand Cart
21:53 Horse Collar
22:39 Heavy Plow
22:41 Gold Mining
26:01 Fletching
26:12 Padded Archer Armor
29:50 Imperial Age
30:00 Ballistics
31:04 Bodkin Arrow
31:24 Leather Archer Armor
30:59 Loom
32:17 Chemistry
31:20 Elite Elephant Archer
32:22 Bracer
35:12 Ring Archer Armor
35:36 Scale Barding Armor
35:41 Forging
36:18 Husbandry
|GaoeG| flamingo
11:33 Feudal Age
12:34 Double-Bit Axe
14:54 Castle Age
12:58 Horse Collar
15:49 Husbandry
16:01 Light Cavalry
17:21 Loom
18:45 Bow Saw
27:14 Wheelbarrow
28:14 Scale Barding Armor
28:20 Forging
30:58 Imperial Age
28:56 Bloodlines
30:13 Chain Barding Armor
31:11 Cavalier
32:33 Plate Barding Armor
33:04 Iron Casting
35:35 Hand Cart
35:32 Paladin
36:53 Town Watch
37:33 Conscription
39:35 Blast Furnace
JITANOmaleant7
10:29 Feudal Age
14:44 Castle Age
12:30 Loom
13:11 Double-Bit Axe
13:12 Horse Collar
14:56 Wheelbarrow
15:41 Bow Saw
15:47 Heavy Plow
16:44 Loom
21:24 Scale Mail Armor
22:23 Gold Mining
28:24 Imperial Age
26:53 Gold Shaft Mining
26:08 Stone Mining
26:58 Fletching
27:36 Bodkin Arrow
27:42 Padded Archer Armor
28:08 Ballistics
28:22 Hand Cart
27:41 Elite Skirmisher
29:14 Bracer
29:30 Leather Archer Armor
30:19 Chemistry
30:47 Bracer
31:03 Leather Archer Armor
31:12 Scale Barding Armor
31:18 Forging
32:10 Bloodlines
32:01 Husbandry
31:32 Cavalier
33:49 Chain Barding Armor
Connection lost

Rejoining the realm…

Still unreachable

The connection could not be restored.

Session expired

The server has moved on; the page needs a fresh start.